BLB
BALTIMORE BULLDOGS @ DENVER BULLS
06/26/2059
 
TOP OF THE 1ST
Baltimore Bulldogs batting - Pitching for Denver Bulls : RHP Levi Brown
Pitching: RHP Levi Brown
Batting: LHB Justin Castiglioni 0-0: Foul Ball, location: 2F
0-1: Swinging Strike
0-2: Ball
1-2: Ground out 4-3 (Groundball, 4, EV 80.6 MPH)
Batting: SHB Val Schmit 0-0: Ball
1-0: Swinging Strike
1-1: Foul Ball, location: 2F
1-2: Strikes out swinging
Batting: LHB Kentrellis Donciu 0-0: Ball
1-0: Ball
2-0: Called Strike
2-1: SINGLE (Groundball, 3D, EV 100.6 MPH)
Batting: LHB Andy Wulfeck 0-0: Called Strike
0-1: Called Strike
0-2: Ball
1-2: Ball
2-2: Foul Ball, location: 2F
2-2: Foul Ball, location: 2F
2-2: Foul Ball, location: 2F
2-2: SINGLE (Flyball, 56D, EV 94.4 MPH)
Kentrellis Donciu to second
Batting: LHB Owen Keimig 0-0: Ball
1-0: Foul Ball, location: 2F
1-1: Swinging Strike
1-2: Strikes out swinging
Top of the 1st over - 0 runs, 2 hits, 0 errors, 2 left on base; Baltimore 0 - Denver 0
BOTTOM OF THE 1ST
Denver Bulls batting - Pitching for Baltimore Bulldogs : RHP Stephen Gibbs
Pitching: RHP Stephen Gibbs
Batting: RHB Dalton Brown 0-0: Called Strike
0-1: Ball
1-1: Ground out 6-3 (Groundball, 6, EV 86.2 MPH)
Batting: LHB Johnathan Wang 0-0: Called Strike
0-1: Foul Ball, location: 2F
0-2: Strikes out looking
Batting: LHB Sean Gallina 0-0: Swinging Strike
0-1: Foul Ball, location: 2F
0-2: Foul Ball, location: 2F
0-2: Strikes out swinging
Bottom of the 1st over - 0 runs, 0 hits, 0 errors, 0 left on base; Baltimore 0 - Denver 0
TOP OF THE 2ND
Baltimore Bulldogs batting - Pitching for Denver Bulls : RHP Levi Brown
Batting: LHB Shan Waseem 0-0: Ground out 1-3 (Groundball, 13, EV 65.0 MPH)
Batting: SHB Cole Watson 0-0: Foul Ball, location: 2F
0-1: Ball
1-1: Ground out 5-3 (Groundball, 5, EV 89.4 MPH)
Batting: RHB Kyle Dodiry 0-0: Ground out 3-1 (Groundball, 34, EV 85.0 MPH)
Top of the 2nd over - 0 runs, 0 hits, 0 errors, 0 left on base; Baltimore 0 - Denver 0
BOTTOM OF THE 2ND
Denver Bulls batting - Pitching for Baltimore Bulldogs : RHP Stephen Gibbs
Batting: LHB Brett Gesell 0-0: Called Strike
0-1: Foul Ball, location: 2F
0-2: Ball
1-2: Ball
2-2: Strikes out looking
Batting: RHB James Wilson 0-0: Foul Ball, location: 2F
0-1: Called Strike
0-2: Ball
1-2: Strikes out swinging
Batting: SHB T.J. Carter 0-0: Swinging Strike
0-1: Swinging Strike
0-2: Strikes out swinging
Bottom of the 2nd over - 0 runs, 0 hits, 0 errors, 0 left on base; Baltimore 0 - Denver 0
TOP OF THE 3RD
Baltimore Bulldogs batting - Pitching for Denver Bulls : RHP Levi Brown
Batting: LHB Peter Clothier 0-0: Ball
1-0: Ball
2-0: Swinging Strike
2-1: Called Strike
2-2: Strikes out swinging
Batting: LHB Justin Castiglioni 0-0: Called Strike
0-1: Ball
1-1: Swinging Strike
1-2: Foul Ball, location: 2F
1-2: Ball
2-2: Ground out U3 (Groundball, 3, EV 85.0 MPH)
Batting: SHB Val Schmit 0-0: Called Strike
0-1: Ball
1-1: Ball
2-1: SINGLE (Groundball, 6D, EV 103.8 MPH)
Batting: LHB Kentrellis Donciu 0-0: Ball
1-0: Called Strike
1-1: Fly out, F8 (Line Drive, 8LD, EV 93.1 MPH)
Top of the 3rd over - 0 runs, 1 hit, 0 errors, 1 left on base; Baltimore 0 - Denver 0
BOTTOM OF THE 3RD
Denver Bulls batting - Pitching for Baltimore Bulldogs : RHP Stephen Gibbs
Batting: LHB Wil Murillo 0-0: SINGLE (Groundball, 6S, EV 73.8 MPH) (infield hit)
Batting: RHB Chandler Hays 0-0: Ball
1-0: Ball
2-0: Foul Ball, location: 2F
2-1: Ball
3-1: Base on Balls
Wil Murillo to second
Batting: SHB Sage Reinisch 0-0: Ball
1-0: Ball
2-0: Called Strike
2-1: Ball
3-1: Base on Balls
Wil Murillo to third
Chandler Hays to second
Batting: RHB Dalton Brown 0-0: Foul Ball, location: 2F
0-1: Ball
1-1: Foul Ball, location: 2F
1-2: Foul Ball, location: 2F
1-2: SINGLE (Line Drive, 89S, EV 103.8 MPH)
Wil Murillo scores
Chandler Hays to third
Sage Reinisch to second
Batting: LHB Johnathan Wang 0-0: Foul Ball, location: 2F
0-1: Foul Ball, location: 2F
0-2: Ball
1-2: Foul Ball, location: 2F
1-2: Ball
2-2: SINGLE (Groundball, 6S, EV 69.4 MPH) (infield hit)
Chandler Hays scores
Sage Reinisch to third
Dalton Brown to second
Batting: LHB Sean Gallina 0-0: Swinging Strike
0-1: Swinging Strike
0-2: Strikes out looking
Batting: LHB Brett Gesell 0-0: Ball
1-0: Ball
2-0: Swinging Strike
2-1: Ball
3-1: Swinging Strike
3-2: Foul Ball, location: 2F
3-2: Strikes out swinging
Batting: RHB James Wilson 0-0: Fielders Choice at 2nd, 5-4 (Groundball, 56, EV 106.2 MPH)
Bottom of the 3rd over - 2 runs, 3 hits, 0 errors, 3 left on base; Baltimore 0 - Denver 2
TOP OF THE 4TH
Baltimore Bulldogs batting - Pitching for Denver Bulls : RHP Levi Brown
Batting: LHB Andy Wulfeck 0-0: Ball
1-0: Ball
2-0: Called Strike
2-1: Foul Ball, location: 2F
2-2: Strikes out looking
Batting: LHB Owen Keimig 0-0: Ball
1-0: Ball
2-0: Called Strike
2-1: Fly out, F7 (Flyball, 7S, EV 86.2 MPH)
Batting: LHB Shan Waseem 0-0: Ball
1-0: Foul Ball, location: 2F
1-1: Ball
2-1: Ball
3-1: Swinging Strike
3-2: Ground out 4-3 (Groundball, 4, EV 76.9 MPH)
Top of the 4th over - 0 runs, 0 hits, 0 errors, 0 left on base; Baltimore 0 - Denver 2
BOTTOM OF THE 4TH
Denver Bulls batting - Pitching for Baltimore Bulldogs : RHP Stephen Gibbs
Batting: SHB T.J. Carter 0-0: Called Strike
0-1: Ball
1-1: Foul Ball, location: 2F
1-2: Foul Ball, location: 2F
1-2: Foul Ball, location: 2F
1-2: Ball
2-2: Ground out 5-3 (Groundball, 5, EV 100.6 MPH)
Batting: LHB Wil Murillo 0-0: Foul Ball, location: 2F
0-1: Ball
1-1: Called Strike
1-2: Ground out 5-3 (Groundball, 5, EV 86.2 MPH)
Batting: RHB Chandler Hays 0-0: Called Strike
0-1: Ball
1-1: Called Strike
1-2: Ball
2-2: Foul Ball, location: 2F
2-2: Foul Ball, location: 2F
2-2: Strikes out swinging
Bottom of the 4th over - 0 runs, 0 hits, 0 errors, 0 left on base; Baltimore 0 - Denver 2
TOP OF THE 5TH
Baltimore Bulldogs batting - Pitching for Denver Bulls : RHP Levi Brown
Batting: SHB Cole Watson 0-0: Called Strike
0-1: Fly out, F8 (Line Drive, 8LM, EV 86.2 MPH)
Batting: RHB Kyle Dodiry 0-0: Foul Ball, location: 2F
0-1: Ball
1-1: Foul Ball, location: 2F
1-2: Strikes out swinging
Batting: LHB Peter Clothier 0-0: SINGLE (Groundball, 4M, EV 103.1 MPH) (infield hit)
Batting: LHB Justin Castiglioni 0-0: DOUBLE (Flyball, 8LXD, EV 103.1 MPH)
Peter Clothier to third
Runner from 3rd tries for Home, SAFE, throw by CF to home
Batting: SHB Val Schmit 0-0: Called Strike
0-1: Ball
1-1: Ball
2-1: Ball
3-1: Foul Ball, location: 2F
3-2: Strikes out swinging
Top of the 5th over - 1 run, 2 hits, 0 errors, 1 left on base; Baltimore 1 - Denver 2
BOTTOM OF THE 5TH
Denver Bulls batting - Pitching for Baltimore Bulldogs : RHP Stephen Gibbs
Batting: SHB Sage Reinisch 0-0: Ball
1-0: Foul Ball, location: 2F
1-1: Ball
2-1: Foul Ball, location: 2F
2-2: Foul Ball, location: 2F
2-2: Ground out 6-3 (Groundball, 6, EV 106.9 MPH)
Batting: RHB Dalton Brown 0-0: Called Strike
0-1: Foul Ball, location: 2F
0-2: Strikes out swinging
Batting: LHB Johnathan Wang 0-0: Ball
1-0: Ball
2-0: Ball
3-0: Called Strike
3-1: Foul Ball, location: 2F
3-2: Strikes out swinging
Bottom of the 5th over - 0 runs, 0 hits, 0 errors, 0 left on base; Baltimore 1 - Denver 2
TOP OF THE 6TH
Baltimore Bulldogs batting - Pitching for Denver Bulls : RHP Levi Brown
Batting: LHB Kentrellis Donciu 0-0: Ball
1-0: Called Strike
1-1: Swinging Strike
1-2: Strikes out swinging
Batting: LHB Andy Wulfeck 0-0: Foul Ball, location: 2F
0-1: SOLO HOME RUN (Flyball, 8LXD, EV 109.4 MPH), Distance : 417 ft
Batting: LHB Owen Keimig 0-0: Ball
1-0: SINGLE (Line Drive, 8LS, EV 93.8 MPH)
Batting: LHB Shan Waseem 0-0: 2-RUN HOME RUN (Flyball, 9LD, EV 99.4 MPH), Distance : 385 ft
Batting: SHB Cole Watson 0-0: Called Strike
0-1: Ball
1-1: Swinging Strike
1-2: Strikes out swinging
Batting: RHB Kyle Dodiry 0-0: Ball
1-0: Called Strike
1-1: Swinging Strike
1-2: Strikes out swinging, 2-3 out at first.
Top of the 6th over - 3 runs, 3 hits, 0 errors, 0 left on base; Baltimore 4 - Denver 2
BOTTOM OF THE 6TH
Denver Bulls batting - Pitching for Baltimore Bulldogs : RHP Stephen Gibbs
Batting: LHB Sean Gallina 0-0: Ball
1-0: Ball
2-0: Ball
3-0: Base on Balls
Batting: LHB Brett Gesell 0-0: Called Strike
0-1: Fly out, F4 (Line Drive, 4, EV 65.0 MPH)
Pitching: RHP Justin Martines
Batting: RHB James Wilson 0-0: SINGLE (Line Drive, 7LM, EV 99.4 MPH)
Sean Gallina to second
Batting: SHB T.J. Carter 0-0: Ball
1-0: Ball
2-0: Foul Ball, location: 2F
2-1: Swinging Strike
2-2: Strikes out swinging
Batting: LHB Wil Murillo 0-0: Called Strike
0-1: Ball
1-1: Called Strike
1-2: Foul Ball, location: 2F
1-2: Strikes out swinging
Bottom of the 6th over - 0 runs, 1 hit, 0 errors, 2 left on base; Baltimore 4 - Denver 2
TOP OF THE 7TH
Baltimore Bulldogs batting - Pitching for Denver Bulls : RHP Levi Brown
Batting: LHB Peter Clothier 0-0: Ball
1-0: Ball
2-0: Ground out 5-3 (Groundball, 5, EV 87.5 MPH)
Batting: LHB Justin Castiglioni 0-0: Ball
1-0: Fly out, F8 (Flyball, 8LD, EV 90.0 MPH)
Batting: SHB Val Schmit 0-0: Ball
1-0: Called Strike
1-1: Swinging Strike
1-2: Ball
2-2: Ball
3-2: Foul Ball, location: 2F
3-2: Strikes out swinging
Top of the 7th over - 0 runs, 0 hits, 0 errors, 0 left on base; Baltimore 4 - Denver 2
BOTTOM OF THE 7TH
Denver Bulls batting - Pitching for Baltimore Bulldogs : RHP Justin Martines
Now at 1B: Cole Watson
Now at 3B: Stephen Cuff
Batting: RHB Chandler Hays 0-0: Ball
1-0: Ball
2-0: Foul Ball, location: 2F
2-1: SINGLE (Groundball, 56D, EV 100.0 MPH)
Batting: SHB Sage Reinisch 0-0: Swinging Strike
0-1: Sac Bunt to 13 - play at first, batter OUT! 1-3
Chandler Hays to second
Batting: RHB Dalton Brown 0-0: Called Strike
0-1: Called Strike
0-2: Strikes out swinging
Batting: LHB Johnathan Wang 0-0: Called Strike
0-1: Fly out, F7 (Flyball, 7S, EV 78.8 MPH)
Bottom of the 7th over - 0 runs, 1 hit, 0 errors, 1 left on base; Baltimore 4 - Denver 2
TOP OF THE 8TH
Baltimore Bulldogs batting - Pitching for Denver Bulls : RHP Levi Brown
Batting: RHB Stephen Cuff 0-0: Swinging Strike
0-1: Swinging Strike
0-2: Ball
1-2: Ball
2-2: Strikes out swinging
Batting: LHB Andy Wulfeck 0-0: Called Strike
0-1: Ball
1-1: Ball
2-1: Ball
3-1: Swinging Strike
3-2: Strikes out swinging
Batting: LHB Owen Keimig 0-0: Ball
1-0: SINGLE (Flyball, 9LS, EV 88.8 MPH)
Pitching: LHP Duncan Mulifi
Batting: LHB Shan Waseem 0-0: Called Strike
0-1: Foul Ball, location: 2F
0-2: Ball
1-2: Strikes out swinging
Top of the 8th over - 0 runs, 1 hit, 0 errors, 1 left on base; Baltimore 4 - Denver 2
BOTTOM OF THE 8TH
Denver Bulls batting - Pitching for Baltimore Bulldogs : RHP Justin Martines
Now in LF: Justin Castiglioni
Now in CF: Vince Ridgway
Batting: LHB Sean Gallina 0-0: Swinging Strike
0-1: Called Strike
0-2: Ball
1-2: Ball
2-2: Strikes out swinging
Batting: LHB Brett Gesell 0-0: Ball
1-0: Called Strike
1-1: Foul Ball, location: 2F
1-2: Strikes out swinging
Batting: RHB James Wilson 0-0: Foul Ball, location: 2F
0-1: Foul Ball, location: 2F
0-2: Ball
1-2: Ball
2-2: Ground out 6-3 (Groundball, 6D, EV 108.8 MPH)
Bottom of the 8th over - 0 runs, 0 hits, 0 errors, 0 left on base; Baltimore 4 - Denver 2
TOP OF THE 9TH
Baltimore Bulldogs batting - Pitching for Denver Bulls : LHP Duncan Mulifi
Batting: SHB Cole Watson 0-0: Fly out, F4 (Popup, 4S, EV 80.6 MPH)
Batting: RHB Kyle Dodiry 0-0: Swinging Strike
0-1: Ball
1-1: Ball
2-1: Ball
3-1: Base on Balls
Batting: LHB Peter Clothier 0-0: Ball
1-0: Foul Ball, location: 2F
1-1: Hit by Pitch
Kyle Dodiry to second
Batting: LHB Justin Castiglioni 0-0: Called Strike
0-1: Ball
1-1: Foul Ball, location: 2F
1-2: Strikes out looking
Batting: SHB Val Schmit 0-0: Ball
1-0: Called Strike
1-1: SINGLE (Line Drive, 5D, EV 93.8 MPH)
Kyle Dodiry to third
Peter Clothier to second
Runner from 3rd tries for Home, throw by LF and OUT! 7-2
Top of the 9th over - 0 runs, 1 hit, 0 errors, 2 left on base; Baltimore 4 - Denver 2
BOTTOM OF THE 9TH
Denver Bulls batting - Pitching for Baltimore Bulldogs : RHP Justin Martines
Pitching: RHP Donavon Anway
Now in CF: Joseph Olsen
Now in RF: Vince Ridgway
Batting: SHB T.J. Carter 0-0: Ground out 6-3 (Groundball, 56, EV 83.1 MPH)
Batting: LHB Wil Murillo 0-0: Ball
1-0: SINGLE (Line Drive, 9S, EV 86.2 MPH)
Batting: RHB Chandler Hays 0-0: Called Strike
0-1: Swinging Strike
0-2: Ball
1-2: SINGLE (Groundball, 34, EV 96.9 MPH)
Wil Murillo to second
Batting: SHB Sage Reinisch 0-0: Called Strike
0-1: Ball
1-1: Ball
2-1: SINGLE (Groundball, 56D, EV 84.4 MPH) (infield hit)
Wil Murillo to third
Chandler Hays to second
Batting: RHB Dalton Brown 0-0: Called Strike
0-1: Foul Ball, location: 2F
0-2: Grounds into double play, 4-6-3 (Groundball, 4, EV 108.1 MPH)
Bottom of the 9th over - 0 runs, 3 hits, 0 errors, 2 left on base; Baltimore 4 - Denver 2
Saturday, March 9th , 2024 - OOTP Baseball 23.10 Build 110